 Dungeon Crawl Stone Soup version 0.26-a0-863-g3bff4b215c (webtiles) character file.

Game seed: 9203728739642127490

35 marklar909 the Vandal (level 3, 0/24 HPs)
             Began as a Halfling Hunter on Nov 25, 2020.
             Killed from afar by Sigmund (11 damage)
             ... with a puff of flame
             ... on level 2 of the Dungeon.
             The game lasted 00:01:19 (945 turns).

marklar909 the Vandal (Halfling Hunter)              Turns: 945, Time: 00:01:20

Health: 0/24       AC:  5    Str: 14    XL:     3   Next: 52%
Magic:  3/3        EV: 13    Int:  9    God:
Gold:   108        SH:  0    Dex: 14    Spells: 2/2 levels left

rFire    . . .     SeeInvis .   a - +1 hunting sling
rCold    . . .     Faith    .   (shield restricted)
rNeg     . . .     Spirit   .   m - +0 ring mail
rPois    .         Reflect  .   (no helmet)
rElec    .         Harm     .   (no cloak)
rCorr    .         Rampage  .   (no gloves)
MR       .....                  (no boots)
Stlth    +.........             (no amulet)
HPRegen  0.08/turn              e - ring of flight
MPRegen  0.08/turn              (no ring)

@: no status effects
A: small, mutation resistance 1
a: Evoke Flight


You were on level 2 of the Dungeon.
You visited 1 branch of the dungeon, and saw 2 of its levels.

You collected 108 gold pieces.

Inventory:

Hand Weapons
 a - a +1 hunting sling (weapon)
 b - a +0 short sword
Missiles
 d - 32 sling bullets (quivered)
 f - 105 stones
Armour
 m - a +0 ring mail (worn)
Jewellery
 e - a ring of flight (left hand)
Scrolls
 c - a scroll of random uselessness {unknown}
 j - 2 scrolls of immolation {unknown}
 k - 2 scrolls of remove curse {unknown}
 l - 2 scrolls of identify {unknown}
 o - a scroll of noise {unknown}
Potions
 g - a potion of lignification {unknown}
 h - a potion of curing {unknown}
 i - a potion of haste {unknown}
 n - a potion of might {unknown}


   Skills:
 + Level 1.8 Fighting
 + Level 7.3 Slings
 + Level 2.2 Dodging
 + Level 1.2 Stealth


You had 2 spell levels left.
You didn't know any spells.
Your spell library was empty.

Dungeon Overview and Level Annotations

Branches:
Dungeon (2/15)

Altars:
Elyvilon

Annotations:
D:2 Sigmund


Innate Abilities, Weirdness & Mutations

You are small and have problems with some larger weapons.
You are somewhat resistant to further mutation.


Message History

Aim: Disturbance You shoot a sling bullet.
You hear a splash.
Something hits you but does no damage. The rat barely misses you.
Unknown command.
Firing (i - inventory. (/) - cycle)
d - 34 sling bullets (quivered)
Press: ? - help, Shift-Dir - straight line
Aim: Disturbance You shoot a sling bullet.
A magic dart appears from out of thin air!
The magic dart hits you! The rat closely misses you.
Unknown command.
Firing (i - inventory. (/) - cycle)
d - 33 sling bullets (quivered)
Press: ? - help, Shift-Dir - straight line
Aim: Disturbance You shoot a sling bullet.
You hear a splash.
You hear some strange, mumbled words.
A puff of flame appears from out of thin air!
The puff of flame hits you!
You die...

♣♣♣ ##♣♣ ♣♣♣.♣♣♣ ♣#####
...♣♣ ♣♣.....♣♣ ♣.!...#
....♣♣♣.......♣♣♣.......
≈≈...♣...≈≈≈...♣.r(≈≈≈..
≈≈≈.....≈≈≈≈≈...@.≈≈≈≈≈.
♣≈≈.....≈≈_≈≈.....{(♣≈≈.
≈≈≈.....≈≈≈≈≈.....≈≈(≈≈.
≈≈...♣...≈≈≈...♣...≈(≈.(
....♣♣♣.......♣♣♣......(
...♣♣ ♣♣.....♣♣ ♣......
##♣♣ ♣♣♣.♣♣♣ ♣##... ###
♣♣♣ #.# ..##


You could see a rat.

Vanquished Creatures
  A gnoll (D:1)
  A worm (D:2)
  3 bats
  A giant cockroach (D:1)
  2 goblins (D:1)
  A hobgoblin (D:2)
  4 jackals
  4 frilled lizards
  2 kobolds (D:1)
  3 rats
22 creatures vanquished.

Vanquished Creatures (others)
  5 toadstools (D:1)
5 creatures vanquished.

Grand Total: 27 creatures vanquished

Notes
Turn   | Place    | Note
-------+----------+-------------------------------------------
     0 | D:1      | marklar909 the Halfling Hunter began the quest for the Orb.
     0 | D:1      | Reached XP level 1. HP: 14/14 MP: 1/1
    84 | D:1      | Reached skill level 6 in Slings
   171 | D:1      | Reached XP level 2. HP: 19/19 MP: 2/2
   323 | D:1      | Reached XP level 3. HP: 24/24 MP: 3/3
   424 | D:1      | Reached skill level 7 in Slings
   911 | D:2      | Found a white marble altar of Elyvilon.
   927 | D:2      | Noticed Sigmund
   945 | D:2      | Killed from afar by Sigmund

Illustrated notes

Levels and vault maps discovered:
D:1:      ldierk_walled_garden, layout_loops_cross, grunt_decor_resistance,
          serial_bayou_pond_e, minmay_three_crescents
D:2:      layout_loops_cross, elyvilon_altar_3, dk_noncrumbling_3,
          grunt_nemelex_the_gamble, uniq_sigmund

Skill      XL: |  1  2  3 |
---------------+----------+-----
Slings         | 6 7 |  7.3
Fighting       | |  1.8
Dodging        | |  2.2
Stealth        | |  1.2

Action                   || total
-------------------------++-------
 Fire: Hunting sling     ||    77
Armor: Leather armour    ||     2
       Ring mail         ||     4
Dodge: Dodged            ||    21

Table legend: (Time is in decaauts)
 A = Elapsed time spent in this place.
 B = Non-inter-level travel time spent in this place.
 C = Inter-level travel time spent in this place.
 D = Time resting spent in this place.
 E = Time spent auto-exploring this place.
 F = Levels seen in this place.
 G = Mean time per level.
                   A        B        C        D        E       F      G
               +--------+--------+--------+--------+--------+-----+--------+
         Total |    937 |    926 |     11 |      0 |    779 |   2 |  468.5 |
       Dungeon |    937 |    926 |     11 |      0 |    779 |   2 |  468.5 |
               +--------+--------+--------+--------+--------+-----+--------+

Top non-repeatable levels by time:
     D:1: 651 daAuts
     D:2: 285 daAuts
